 Dungeon Crawl Stone Soup version 0.31-a0-557-g6e16503903 (webtiles) character file.

Game seed: 897808766936394993

105 bmack86 the Shield-Bearer (level 4, 0/39 HPs)
             Began as a Minotaur Fighter on Aug 16, 2023.
             Slain by Sigmund
             ... wielding a +0 scythe
              (5 damage)
             ... on level 3 of the Dungeon.
             The game lasted 00:04:10 (1877 turns).

bmack86 the Shield-Bearer (Minotaur Fighter)        Turns: 1877, Time: 00:04:11

Health: 0/39       AC: 16    Str: 22    XL:     4   Next: 53%
Magic:  0/3        EV:  6    Int:  5    God:
Gold:   169        SH:  0    Dex: 10    Spells: 3/3 levels left

rFire   . . .        a - +0 war axe
rCold   . . .        c - +0 buckler
rNeg    . . .        j - +0 plate armour
rPois   .            (helmet restricted)
rElec   .            e - +1 cloak
rCorr   .            t - +0 pair of gloves
SInv    .            r - +0 pair of boots
Will    .....        f - amulet of guardian spirit Stlth
                     (no ring)
HPRegen 0.26/turn    (no ring)
MPRegen 0.08/turn

%: guardian spirit
@: confused, mighty
A: horns 2, retaliatory headbutt
a: no special abilities


You were on level 3 of the Dungeon.
You visited 1 branch of the dungeon, and saw 3 of its levels.

You collected 169 gold pieces.

Inventory:

Hand Weapons
 a - a +0 war axe (weapon)
Missiles
 o - 2 throwing nets
Armour
 b - a +0 scale mail
 c - a +0 buckler (worn)
 e - a +1 cloak (worn)
 j - a +0 plate armour (worn)
 r - a +0 pair of boots (worn)
 t - a +0 pair of gloves (worn)
Jewellery
 f - an amulet of guardian spirit (around neck)
Scrolls
 g - a scroll of noise {unknown}
 i - 2 scrolls of enchant armour {unknown}
 m - 2 scrolls of teleportation {unknown}
 p - a scroll of blinking {unknown}
 u - a scroll of identify
Potions
 h - a potion of mutation {unknown}
 k - 2 potions of attraction
 l - a potion of brilliance {unknown}
 n - 3 potions of curing
 q - a potion of enlightenment {unknown}
 s - a potion of invisibility {unknown}
 v - a potion of heal wounds {unknown}


   Skills:
 - Level 3.6 Fighting
 + Level 4.7 Axes
 - Level 3.6 Armour
 - Level 5.0 Shields


You had 3 spell levels left.
You didn't know any spells.
Your spell library contained the following spells:

 Spells                   Type           Power      Damage    Failure   Level
 Static Discharge         Conj/Air       0%         2-2/arc   100%        2
 Airstrike                Air            0%         2d(0-16)  100%        4
 Summon Lightning Spire   Summ/Air       0%         N/A       100%        4


Dungeon Overview and Level Annotations

Branches:
Dungeon (3/15)

Altars:

Annotations:
D:3 Sigmund


Innate Abilities, Weirdness & Mutations

You have a pair of horns on your head.
You reflexively headbutt those who attack you in melee.


Message History

You completely miss something. The dart slug launches a dart at you.
The slug dart hits something.
Something hits you but does no damage.
You miss something. Your headbutt misses something.
The dart slug launches a dart at you.
The slug dart hits something.
You hear some strange, mumbled words.
A magic dart appears from out of thin air!
The magic dart hits you!
You hit something but do no damage. Something hits you but does no damage.
The dart slug launches a dart at you.
The slug dart hits something.
A gnoll comes into view. It is wielding a +0 spear.
You miss something.
You hear some strange, mumbled words.
You are confused.
You bump into the rock wall.
You hear some strange, mumbled words.
You are more confused.
You closely miss something. The gnoll barely misses you.
Something hits you but does no damage.
You feel very mighty all of a sudden. The gnoll hits you but does no damage.
Something hits you but does no damage.
You miss something.
The gnoll hits you from afar with a +0 spear.
The dart slug briefly extends its eye-stalks.
Something hits you. The gnoll barely misses you.
Something hits you but does no damage.
The gnoll hits you from afar with a +0 spear.
* * * LOW HITPOINT WARNING * * *
You see here a rat corpse.
You bump into the rock wall.
The gnoll hits you from afar with a +0 spear.
* * * LOW HITPOINT WARNING * * *
You hear some strange, mumbled words.
A puff of flame appears from out of thin air!
The puff of flame hits you.
* * * LOW HITPOINT WARNING * * *
The gnoll hits you but does no damage. Something hits you.
You die...

......# #. . ......# .. ..
......# #. #. ....... ##.
..#### ......# #.. ...#
w.....# #.. #.##ggg...#
##..########.@{#
####...........##†#
...............##.#
..###....<.....##.# ##
...............##.# ...
.#..#..........##.###..#
##....†..............###
## ###............(.......
.#
#.###.....###.##########.#


You could see 3 gnolls.

Vanquished Creatures
  4 adders
  6 worms
  A dart slug (D:1)
  An orc (D:3)
  3 bats
  2 endoplasms
  A giant cockroach (D:2)
  7 hobgoblins
  6 jackals
  5 kobolds
  2 quokkas (D:1)
  2 ball pythons
  4 goblins
  3 rats
47 creatures vanquished.

Notes
Turn   | Place    | Note
-------+----------+-------------------------------------------
     0 | D:1      | bmack86 the Minotaur Fighter began the quest for the Orb.
     0 | D:1      | Reached XP level 1. HP: 19/19 MP: 0/0
   133 | D:1      | Reached skill level 4 in Shields
   142 | D:1      | Reached XP level 2. HP: 23/26 MP: 1/1
   801 | D:2      | Reached XP level 3. HP: 28/31 MP: 2/2
   978 | D:2      | Reached skill level 5 in Shields
  1175 | D:2      | Reached XP level 4. HP: 39/39 MP: 1/3
  1758 | D:3      | Found a faded altar of an unknown god.
  1843 | D:3      | Noticed Sigmund
  1877 | D:3      | Slain by Sigmund

Illustrated notes

Levels and vault maps discovered:
D:1:      dpeg_arrival_three_same_balls, layout_loops_ring
D:2:      layout_basic, corexii_corridor_pit
D:3:      layout_rooms, cheibriados_altar_1,
          shapermc_ecumenical_altar_notcrosses, dreamdust_mushroom_princess,
          uniq_sigmund

Skill      XL: |  1  2  3 |
---------------+----------+-----
Shields        | 4 5 |  5.0
Axes           | 3 4 |  4.7
Fighting       | |  3.6
Armour         | |  3.6

Action                     |  1- 3 |  4- 6 || total
---------------------------+-------+-------++-------
  Melee: War axe           |    79 |    39 ||   118
         Headbutt          |    15 |     4 ||    19
    Use: Scroll            |       |     2 ||     2
         Potion            |       |     1 ||     1
 Armour: Scale mail        |    14 |       ||    14
         Plate armour      |    29 |    22 ||    51
  Dodge: Dodged            |    26 |     8 ||    34
  Block: Buckler           |    20 |     8 ||    28

Table legend: (Time is in decaauts)
 A = Elapsed time spent in this place.
 B = Non-inter-level travel time spent in this place.
 C = Inter-level travel time spent in this place.
 D = Time resting spent in this place.
 E = Time spent auto-exploring this place.
 F = Levels seen in this place.
 G = Mean time per level.
                   A        B        C        D        E       F      G
               +--------+--------+--------+--------+--------+-----+--------+
         Total |   1918 |   1888 |     30 |      0 |   1325 |   3 |  639.3 |
       Dungeon |   1918 |   1888 |     30 |      0 |   1325 |   3 |  639.3 |
               +--------+--------+--------+--------+--------+-----+--------+

Top non-repeatable levels by time:
     D:2: 966 daAuts
     D:1: 729 daAuts
     D:3: 221 daAuts
